 Dungeon Crawl Stone Soup version 0.30.0-29-ga12c61a403 (webtiles) character file.

Game seed: 7345100704001411607

104 Graphine the Covered (level 5, 0/41 HPs)
             Began as a Human Fighter on June 22, 2023.
             Slain by a gnoll
             ... wielding a +0 whip
              (1 damage)
             ... on level 3 of the Dungeon.
             The game lasted 00:04:15 (2358 turns).

Graphine the Covered (Human Fighter)                Turns: 2358, Time: 00:04:15

Health: 0/41       AC:  8    Str: 16    XL:     5   Next: 7%
Magic:  5/5        EV:  9    Int:  8    God:
Gold:   172        SH:  5    Dex: 15    Spells: 4/4 levels left

rFire   . . .        a - +0 long sword
rCold   + . .        c - +0 buckler
rNeg    . . .        b - +0 scale mail
rPois   .            (no helmet)
rElec   .            (no cloak)
rCorr   +            f - +0 pair of gloves
SInv    .            (no boots)
Will    .....        (no amulet) Stlth
                     g - ring of resist corrosion
HPRegen 0.26/turn    q - ring of protection from cold
MPRegen 0.09/turn

%: no passive effects
@: no status effects
A: no striking features
a: no special abilities


You were on level 3 of the Dungeon.
You visited 1 branch of the dungeon, and saw 3 of its levels.

You collected 172 gold pieces.

Inventory:

Hand Weapons
 a - a +0 long sword (weapon)
Missiles
 e - a curare-tipped dart (quivered)
Armour
 b - a +0 scale mail (worn)
 c - a +0 buckler (worn)
 f - a +0 pair of gloves (worn)
Magical Staves
 j - a staff of cold
Jewellery
 g - a ring of resist corrosion (left hand)
 o - a ring of wizardry
 q - a ring of protection from cold (right hand)
Scrolls
 i - a scroll of fog
 n - a scroll of identify
 p - a scroll of magic mapping
Potions
 d - a potion of might
 h - a potion of mutation {unknown}
 k - a potion of magic {unknown}
 l - a potion of degeneration {unknown}
 m - 2 potions of brilliance {unknown}
 r - a potion of heal wounds {unknown}


   Skills:
 + Level 3.5 Fighting
 + Level 2.7 Long Blades
 + Level 3.5 Armour
 + Level 1.6 Dodging
 + Level 3.5 Shields


You had 4 spell levels left.
You didn't know any spells.
Your spell library contained the following spells:

 Spells                   Type           Power      Damage    Failure   Level
 Inner Flame              Hex/Fire       0%         N/A       99%         3
 Flame Wave               Conj/Fire      0%         2d4       100%        4
 Sticky Flame             Conj/Fire      0%         2d3       100%        4


Dungeon Overview and Level Annotations

Branches:
Dungeon (3/15)

Altars:

Shops:
D:2 =


Message History

Aim: a gnoll, wielding a +0 spear (lightly wounded, 63% to hit)
You throw a curare-tipped dart. The curare-tipped dart hits the gnoll.
The gnoll is poisoned.
The gnoll convulses.
The gnoll seems to slow down.
The gnoll is severely wounded.
The gnoll hits you from afar with a +1 spear of freezing.
The gnoll hits you with a +0 spear.
* * * LOW HITPOINT WARNING * * *
Okay, then.
You kill the gnoll!
Throw: 3 darts (curare)
Press: ? - help, Shift-Dir - straight line, f - gnoll
Aim: a gnoll, wielding a +1 spear of freezing (fast, 63% to hit)
You throw a curare-tipped dart. The curare-tipped dart hits the gnoll.
The gnoll is poisoned.
The gnoll convulses.
The gnoll seems to slow down.
The gnoll is heavily wounded.
You feel a bit more experienced.
You have reached level 5!
Throw: 2 darts (curare)
Press: ? - help, Shift-Dir - straight line, f - gnoll
Aim: a gnoll, wielding a +0 whip and quivering stones (63% to hit)
You throw a curare-tipped dart.
The curare-tipped dart barely misses the gnoll.
You are too injured to fight recklessly!
You hit the gnoll but do no damage. The gnoll hits you but does no damage.
You closely miss the gnoll. The gnoll hits you with a +0 whip.
* * * LOW HITPOINT WARNING * * *
You hit the gnoll but do no damage. The gnoll barely misses you.
The gnoll hits you but does no damage.
You closely miss the gnoll. The gnoll barely misses you.
You hit the gnoll.
The gnoll is moderately wounded.
The gnoll hits you but does no damage.
You hit the gnoll but do no damage.
The gnoll is moderately wounded.
The gnoll hits you with a +0 whip!
* * * LOW HITPOINT WARNING * * *
The gnoll hits you with a +0 whip.
You die...

#########
#...(...#####.#.##
#.##...gg)((......
#.##.##.#####.####
#.##.##.# #.##g##.#
###### ####..#@##.#
#....# #.....#.#<.#
#.##.# #.###.#.####
##.##.# #.....#.#
...##.# #####.#.#
#####.# ##.#.#######
#.#######.......[...
#..........#.#######
#############.##.......#


You could see a gnoll.

Vanquished Creatures
  2 adders (D:3)
  3 gnolls (D:3)
  2 worms
  2 orcs (D:3)
  A ball python (D:2)
  8 bats
  5 endoplasms
  2 giant cockroaches (D:3)
  3 goblins (D:3)
  4 hobgoblins
  4 jackals
  2 quokkas (D:3)
  3 frilled lizards
  A kobold (D:2)
  5 rats
47 creatures vanquished.

Notes
Turn   | Place    | Note
-------+----------+-------------------------------------------
     0 | D:1      | Graphine the Human Fighter began the quest for the Orb.
     0 | D:1      | Reached XP level 1. HP: 18/18 MP: 1/1
    78 | D:1      | Reached XP level 2. HP: 15/24 MP: 2/2
   774 | D:2      | Found a faded altar of an unknown god.
   837 | D:2      | Found Liaxapna's Jewellery Boutique.
  1130 | D:2      | Reached XP level 3. HP: 29/29 MP: 3/3
  1378 | D:2      | You fall into a shaft and drop 1 floor!
  1457 | D:3      | Reached skill level 1 in Dodging
  1716 | D:3      | Reached XP level 4. HP: 35/35 MP: 4/4
  2348 | D:3      | Reached XP level 5. HP: 11/41 MP: 5/5
  2358 | D:3      | HP: 1/41 [gnoll/+0 whip (8)]
  2358 | D:3      | Slain by a gnoll

Illustrated notes

Levels and vault maps discovered:
D:1:      ncdulo_halloftheorcs, layout_basic
D:2:      layout_loops_corners, serial_shops, nicolae_shop_tiny_statue_garden,
          nicolae_ecumenical_pavilion, glass_columns_b,
          minmay_misc_feat_diagonals, nicolae_concentric_dashed_squares_wild,
          minivault_14, minmay_misc_feat_encased
D:3:      layout_basic, minmay_quantized

Skill      XL: |  1  2  3 |
---------------+----------+-----
Dodging        | 1 |  1.6
Fighting       | |  3.5
Long Blades    | |  2.7
Armour         | |  3.5
Shields        | |  3.5

Action                     |  1- 3 |  4- 6 || total
---------------------------+-------+-------++-------
  Melee: Long sword        |   102 |    60 ||   162
  Throw: Dart              |       |     3 ||     3
    Use: Scroll            |     2 |     3 ||     5
 Armour: Scale mail        |    51 |    23 ||    74
  Dodge: Dodged            |    46 |    36 ||    82
  Block: Buckler           |    30 |    14 ||    44
